 Dungeon Crawl Stone Soup version 0.24.0-123-gd5b16e6ec5 (webtiles) character file.

Game seed: 8042261112792400510, levelgen mode: deterministic

415 Holewolf1 the Chopper (level 6, -1/53 HPs)
             Began as a Hill Orc Fighter on Dec 22, 2019.
             Was an Initiate of Beogh.
             Slain by an ogre
             ... wielding a +0 giant spiked club
              (15 damage)
             ... on level 5 of the Dungeon.
             The game lasted 00:20:24 (3395 turns).

Holewolf1 the Chopper (Hill Orc Fighter)            Turns: 3395, Time: 00:20:24

Health: -1/53      AC:  9    Str: 21    XL:     6   Next: 91%
Magic:  15/15      EV: 11    Int:  8    God:    Beogh [......]
Gold:   105        SH:  9    Dex: 10    Spells: 5/5 levels left

rFire    . . .     SeeInvis .   t - +1 hand axe (vamp)
rCold    + . .     Gourm    .   c - +0 shield
rNeg     . . .     Faith    .   u - +2 ring mail {rC+}
rPois    .         Spirit   .   (no helmet)
rElec    .         Reflect  .   (no cloak)
rCorr    .         Harm     .   o - +0 pair of gloves
MR       .....                  (no boots)
Stlth    ..........             (no amulet)
HPRegen  0.17/turn              m - +3 ring of evasion
MPRegen  0.14/turn              s - ring of magical power

@: no status effects
A: no striking features
a: Renounce Religion


You were on level 5 of the Dungeon.
You worshipped Beogh.
Beogh was noncommittal.
You were not hungry.

You visited 1 branch of the dungeon, and saw 5 of its levels.

You collected 105 gold pieces.

Inventory:

Hand Weapons
 a - a +0 war axe
 e - a +0 war axe
 l - a +0 rapier of electrocution
 t - a +1 vampiric hand axe (weapon)
Missiles
 h - 2 atropa-tipped darts
 i - 160 stones (quivered)
Armour
 b - a +0 scale mail
 c - a +0 shield (worn)
 o - a +0 pair of gloves (worn)
 u - a +2 ring mail of cold resistance (worn)
Jewellery
 m - a +3 ring of evasion (left hand)
 s - a ring of magical power (right hand)
Wands
 q - a wand of random effects (17)
Scrolls
 k - 2 scrolls of remove curse
 n - a scroll of immolation
 r - a scroll of enchant weapon {unknown}
Potions
 d - a potion of might
 j - a potion of invisibility
Comestibles
 f - 6 rations


   Skills:
 + Level 4.6 Fighting
 + Level 6.6 Axes
 + Level 0.1 Throwing
 + Level 4.6 Armour
 + Level 0.8 Dodging
 + Level 0.1 Stealth
 + Level 4.5 Shields


You had 5 spell levels left.
You didn't know any spells.
Your spell library was empty.

Dungeon Overview and Level Annotations

Branches:
Dungeon (6/15)
 Temple: D:4-7

Altars:
Kikubaaqudgha
Qazlal


Message History

The ogre is severely wounded.
You hit the ogre. The ogre barely misses you. x2
You barely miss the ogre.
The ogre is severely wounded.
You barely miss the ogre.
The ogre hits you with a cursed -3 giant club!
* * * LOW HITPOINT WARNING * * *
You hit the ogre.
You feel better.
The ogre is almost dead.
You barely miss the ogre. You block the ogre's attack.
Unknown command.
You hit the ogre.
The ogre is almost dead.
You hit the ogre. The ogre misses you. You block the ogre's attack.
You hit the ogre.
You feel better.
You kill the ogre!
Beogh accepts your kill.
You hit the ogre.
The ogre hits you with a +0 giant spiked club!
You die...

####### #o?...#
#o###.# ######## #O#
#.# #.......
#@###.#####.###### ##
#)#.oo....#.#
....#.#.......#.#
#.............#.######
#.o.#.#.##....#......#
......................
....)................#
###)###.#.#.##########
..> ...#....[


You could see an ogre and 2 orcs.

Vanquished Creatures
  An ogre (D:5)
  A bullfrog (D:6)
  A scorpion (D:6)
  A crimson imp (D:6)
  2 orc wizards
  A hound (D:6)
  2 adders (D:2)
  2 worms (D:2)
  3 dart slugs
  2 leopard geckos
  8 orcs
  A giant cockroach (D:1)
  4 hobgoblins
  3 jackals (D:6)
  A quokka (D:2)
  A ball python (D:6)
  10 bats
  4 frilled lizards
  3 goblins
  10 kobolds
  4 rats
  A plant (D:2)
66 creatures vanquished.

Vanquished Creatures (others)
  2 orcs (D:5)
2 creatures vanquished.

Grand Total: 68 creatures vanquished

Notes
Turn   | Place    | Note
-------+----------+-------------------------------------------
     0 | D:1      | Holewolf1 the Hill Orc Fighter began the quest for the Orb.
     0 | D:1      | Reached XP level 1. HP: 19/19 MP: 1/1
   294 | D:1      | Reached XP level 2. HP: 27/27 MP: 2/2
   683 | D:1      | Reached skill level 3 in Axes
  1228 | D:2      | Reached XP level 3. HP: 33/33 MP: 3/3
  2239 | D:2      | Reached skill level 4 in Axes
  2294 | D:2      | Reached XP level 4. HP: 40/40 MP: 4/4
  2797 | D:3      | You fall into a shaft and drop 3 floors!
  2812 | D:6      | Found an ancient bone altar of Kikubaaqudgha.
  2835 | D:6      | Reached XP level 5. HP: 46/46 MP: 5/5
  2887 | D:6      | Reached skill level 5 in Axes
  3096 | D:6      | Reached XP level 6. HP: 20/53 MP: 6/6
  3121 | D:6      | Reached skill level 6 in Axes
  3192 | D:6      | Found a stormy altar of Qazlal.
  3301 | D:5      | Entered Level 5 of the Dungeon
  3356 | D:5      | Became a worshipper of Beogh the Brigand
  3395 | D:5      | Slain by an ogre

Levels and vault maps discovered:
D:1:      saegor_arrival_simple_d, layout_basic, ebering_dispersal_statue_hall
D:2:      layout_rooms, first_ration, serial_bayou, serial_bayou_pond_c,
          serial_bayou_pond_e, serial_bayou_pond_d, serial_bayou_ford_a,
          serial_bayou_pond_a
D:3:      layout_loops_ring
D:5:      kennysheep_slugbush, layout_basic
D:6:      layout_basic, lemuel_crystal_altar,
          chequers_temple_overflow_statue_of_worship,
          minmay_temple_entry_offerings, basic_altar, uniq_pikel

Skill      XL: |  1  2  3  4  5  6 |
---------------+-------------------+-----
Fighting       | 4 |  4.6
Axes           | 3 4 5 6 |  6.6
Armour         | 4 |  4.6
Shields        | 4 |  4.5
Throwing       | |  0.1
Dodging        | |  0.8
Stealth        | |  0.1

Action                   |  1- 3 |  4- 6 || total
-------------------------+-------+-------++-------
Melee: War axe           |   144 |    29 ||   173
       Hand axe          |       |   101 ||   101
Throw: Stone             |     2 |       ||     2
Invok: Convert to Beogh  |       |     1 ||     1
  Use: Scroll            |     4 |     2 ||     6
       Potion            |     4 |     1 ||     5
  Eat: Chunk             |     4 |     4 ||     8
Armor: Scale mail        |    65 |     9 ||    74
       Ring mail         |       |    26 ||    26
Dodge: Dodged            |    40 |    41 ||    81
Block: Shield            |    65 |    55 ||   120
